MID
BURLINGTON BEES @ CHARLESTON RIVERDOGS
06/12/2045
 
TOP OF THE 1ST
Burlington Bees batting - Pitching for Charleston RiverDogs : RHP Vince DeFord
Pitching: RHP Vince DeFord
Batting: LHB Justin Alexander 0-0: Ball
1-0: Called Strike
1-1: Ball
2-1: Called Strike
2-2: Strikes out swinging
Batting: RHB Jonathan Ellis 0-0: Ball
1-0: Ball
2-0: Foul Ball, location: 2F
2-1: Swinging Strike
2-2: Foul Ball, location: 2F
2-2: Ball
3-2: Strikes out looking
Batting: LHB Brett Bugge 0-0: Foul Ball, location: 2F
0-1: Ball
1-1: Ball
2-1: SINGLE (Flyball, 34D, EV 97.5 MPH)
Batting: LHB Griffin Ferris 0-0: Called Strike
Pickoff Throw to First - Out! 1-3
Top of the 1st over - 0 runs, 1 hit, 0 errors, 0 left on base; Burlington 0 - Charleston 0
BOTTOM OF THE 1ST
Charleston RiverDogs batting - Pitching for Burlington Bees : RHP Chris Adams
Pitching: RHP Chris Adams
Batting: RHB Omar Novoa 0-0: SINGLE (Line Drive, 34D, EV 95.0 MPH)
Batting: SHB Mukhtar Wa'il 0-0: Ball
1-0: Ball
2-0: Ball
3-0: Called Strike
3-1: Fly out, F7 (Flyball, 7, EV 80.0 MPH)
Batting: LHB Aaron Joyner 0-0: Called Strike
0-1: Foul Ball, location: 2F
0-2: Ball
Omar Novoa steals 2nd base (no throw)
1-2: Strikes out swinging
Batting: RHB Johannes Gutermuth 0-0: Ground out 3-1 (Groundball, 13, EV 92.5 MPH)
Bottom of the 1st over - 0 runs, 1 hit, 0 errors, 1 left on base; Burlington 0 - Charleston 0
TOP OF THE 2ND
Burlington Bees batting - Pitching for Charleston RiverDogs : RHP Vince DeFord
Batting: LHB Griffin Ferris 0-0: Called Strike
0-1: Ball
1-1: Ball
2-1: Foul Ball, location: 2F
2-2: Foul Ball, location: 2F
2-2: Foul Ball, location: 2F
2-2: Foul Ball, location: 2F
2-2: DOUBLE (Groundball, 3L, EV 107.5 MPH)
Batting: RHB Ryan Munro 0-0: Ball
1-0: Ball
2-0: Ground out 5-3 (Groundball, 56D, EV 104.4 MPH)
Batting: RHB Ryuji Ito 0-0: Fly out, F8 (Flyball, 8LD, EV 103.8 MPH)
Batting: LHB Bill Kirtley 0-0: Ball
1-0: Foul Ball, location: 2F
1-1: 2-RUN HOME RUN (Flyball, 9D, EV 96.9 MPH), Distance : 378 ft
Batting: LHB Edgar van der Meeren 0-0: Called Strike
0-1: Ball
1-1: Ground out 4-3 (Groundball, 13, EV 80.6 MPH)
Top of the 2nd over - 2 runs, 2 hits, 0 errors, 0 left on base; Burlington 2 - Charleston 0
BOTTOM OF THE 2ND
Charleston RiverDogs batting - Pitching for Burlington Bees : RHP Chris Adams
Batting: RHB Nick Dunton 0-0: Ball
1-0: Swinging Strike
1-1: Foul Ball, location: 2F
1-2: Ball
2-2: Strikes out swinging
Batting: RHB Graham Murphy 0-0: SINGLE (Groundball, 6MD, EV 97.5 MPH)
Batting: RHB Ben Kidder 0-0: Foul Ball, location: 2F
0-1: Ball
1-1: SINGLE (Groundball, 56, EV 105.0 MPH) (infield hit)
Graham Murphy to second
Batting: RHB Matt Crane 0-0: Ball
1-0: DOUBLE (Flyball, 8RXD, EV 101.9 MPH)
Graham Murphy scores
Ben Kidder to third
Runner from 3rd tries for Home, SAFE, throw by CF to home
Batting: LHB Marty Hafner 0-0: Ball
1-0: Called Strike
1-1: Called Strike
1-2: Ball
2-2: Strikes out swinging
Batting: RHB Omar Novoa 0-0: Ground out 5-3 (Groundball, 56, EV 83.8 MPH)
Bottom of the 2nd over - 2 runs, 3 hits, 0 errors, 1 left on base; Burlington 2 - Charleston 2
TOP OF THE 3RD
Burlington Bees batting - Pitching for Charleston RiverDogs : RHP Vince DeFord
DELAY Rain delay of 71 minutes in the 3rd inning.
Batting: SHB Tim Connell 0-0: Ball
1-0: Ground out 6-3 (Groundball, 6M, EV 106.2 MPH)
Batting: LHB Justin Alexander 0-0: Called Strike
0-1: Ball
1-1: Foul Ball, location: 2F
1-2: Fly out, F7 (Flyball, 78XD, EV 95.6 MPH)
Batting: RHB Jonathan Ellis 0-0: Foul Ball, location: 2F
0-1: Foul Ball, location: 2F
0-2: Ball
1-2: Foul Ball, location: 2F
1-2: SOLO HOME RUN (Flyball, 78XD, EV 107.5 MPH), Distance : 455 ft
Batting: LHB Brett Bugge 0-0: Ball
1-0: DOUBLE (Line Drive, 7LS, EV 89.4 MPH)
Batting: LHB Griffin Ferris 0-0: Called Strike
0-1: Ball
1-1: Ball
2-1: Ball
3-1: Foul Ball, location: 2F
3-2: Strikes out swinging
Top of the 3rd over - 1 run, 2 hits, 0 errors, 1 left on base; Burlington 3 - Charleston 2
BOTTOM OF THE 3RD
Charleston RiverDogs batting - Pitching for Burlington Bees : RHP Chris Adams
Batting: SHB Mukhtar Wa'il 0-0: Called Strike
0-1: Swinging Strike
0-2: Foul Ball, location: 2F
0-2: Ball
1-2: Ball
2-2: Fly out, F5 (Popup, 6S, EV 76.2 MPH)
Batting: LHB Aaron Joyner 0-0: Called Strike
0-1: Ball
1-1: Ball
2-1: Ball
3-1: Called Strike
3-2: Foul Ball, location: 2F
3-2: Base on Balls
Batting: RHB Johannes Gutermuth 0-0: Called Strike
0-1: Ball
1-1: Ball
2-1: Ball
3-1: Base on Balls
Aaron Joyner to second
Batting: RHB Nick Dunton 0-0: Ball
1-0: Fielders Choice at 2nd, 6-4 (Groundball, 6, EV 108.8 MPH)
Aaron Joyner to third
Batting: RHB Graham Murphy 0-0: Ball
1-0: Ground out 5-3 (Groundball, 56S, EV 90.0 MPH)
Bottom of the 3rd over - 0 runs, 0 hits, 0 errors, 2 left on base; Burlington 3 - Charleston 2
TOP OF THE 4TH
Burlington Bees batting - Pitching for Charleston RiverDogs : RHP Vince DeFord
Batting: RHB Ryan Munro 0-0: Ball
1-0: Ball
2-0: Ball
3-0: Called Strike
3-1: Foul Ball, location: 2F
3-2: Strikes out looking
Batting: RHB Ryuji Ito 0-0: Called Strike
0-1: Ball
1-1: Ground out 1-3 (Groundball, 34S, EV 74.4 MPH)
Batting: LHB Bill Kirtley 0-0: Foul Ball, location: 2F
0-1: Foul Ball, location: 2F
0-2: Hit by Pitch
Batting: LHB Edgar van der Meeren 0-0: Foul Ball, location: 2F
0-1: Called Strike
0-2: Strikes out looking
Top of the 4th over - 0 runs, 0 hits, 0 errors, 1 left on base; Burlington 3 - Charleston 2
BOTTOM OF THE 4TH
Charleston RiverDogs batting - Pitching for Burlington Bees : RHP Chris Adams
Batting: RHB Ben Kidder 0-0: Ball
1-0: Ball
2-0: Fly out, F4 (Flyball, 34D, EV 72.5 MPH)
Batting: RHB Matt Crane 0-0: Ball
1-0: Called Strike
1-1: Ball
2-1: Foul Ball, location: 2F
2-2: Strikes out looking
Batting: LHB Marty Hafner 0-0: SINGLE (Groundball, 34D, EV 102.5 MPH)
Batting: RHB Omar Novoa 0-0: Foul Ball, location: 2F
0-1: SINGLE (Groundball, 15S, EV 72.5 MPH) (infield hit)
Marty Hafner to second
Batting: SHB Mukhtar Wa'il 0-0: Called Strike
0-1: Ball
1-1: Ground out U3 (Groundball, 3, EV 84.4 MPH)
Bottom of the 4th over - 0 runs, 2 hits, 0 errors, 2 left on base; Burlington 3 - Charleston 2
TOP OF THE 5TH
Burlington Bees batting - Pitching for Charleston RiverDogs : RHP Vince DeFord
Batting: SHB Tim Connell 0-0: Ball
1-0: Ball
2-0: Called Strike
2-1: Called Strike
2-2: Fly out, F7 (Flyball, 7S, EV 93.1 MPH)
Batting: LHB Justin Alexander 0-0: Ball
1-0: Foul Ball, location: 2F
1-1: Ground out 6-3 (Groundball, 4M, EV 107.5 MPH)
Batting: RHB Jonathan Ellis 0-0: Called Strike
0-1: Ball
1-1: Ball
2-1: Foul Ball, location: 2F
2-2: Reached on error, E1 (Groundball, 34S, EV 70.0 MPH)
Batting: LHB Brett Bugge 0-0: Ball
1-0: Called Strike
1-1: Called Strike
1-2: Foul Ball, location: 2F
1-2: Ball
2-2: Ball
3-2: Foul Ball, location: 2F
3-2: Base on Balls
Batting: LHB Griffin Ferris 0-0: DOUBLE (Line Drive, 89D, EV 100.6 MPH)
Jonathan Ellis scores
Brett Bugge to third
Batting: RHB Ryan Munro 0-0: Called Strike
0-1: Swinging Strike
0-2: Strikes out looking
Top of the 5th over - 1 run, 1 hit, 1 error, 2 left on base; Burlington 4 - Charleston 2
BOTTOM OF THE 5TH
Charleston RiverDogs batting - Pitching for Burlington Bees : RHP Chris Adams
Batting: LHB Aaron Joyner 0-0: Ball
1-0: Ball
2-0: Foul Ball, location: 2F
2-1: Ball
3-1: Foul Ball, location: 2F
3-2: Ground out 4-3 (Groundball, 4, EV 82.5 MPH)
Batting: RHB Johannes Gutermuth 0-0: Ball
1-0: Swinging Strike
1-1: Swinging Strike
1-2: Strikes out swinging
Batting: RHB Nick Dunton 0-0: Ball
1-0: Ball
2-0: Ball
3-0: Base on Balls
Batting: RHB Graham Murphy 0-0: Called Strike
Nick Dunton steals 2nd base
0-1: Swinging Strike
0-2: Strikes out swinging
Bottom of the 5th over - 0 runs, 0 hits, 0 errors, 1 left on base; Burlington 4 - Charleston 2
TOP OF THE 6TH
Burlington Bees batting - Pitching for Charleston RiverDogs : RHP Vince DeFord
Pitching: RHP Cale Morris
Batting: RHB Ryuji Ito 0-0: Called Strike
0-1: Foul Ball, location: 2F
0-2: Ball
1-2: Ball
2-2: Foul Ball, location: 2F
2-2: Ground out 6-3 (Groundball, 6, EV 101.2 MPH)
Batting: LHB Bill Kirtley 0-0: Ball
1-0: Ball
2-0: Called Strike
2-1: Ball
3-1: Called Strike
3-2: Strikes out looking
Batting: LHB Edgar van der Meeren 0-0: Called Strike
0-1: Ball
1-1: Swinging Strike
1-2: Foul Ball, location: 2F
1-2: Strikes out swinging
Top of the 6th over - 0 runs, 0 hits, 0 errors, 0 left on base; Burlington 4 - Charleston 2
BOTTOM OF THE 6TH
Charleston RiverDogs batting - Pitching for Burlington Bees : RHP Chris Adams
Pitching: RHP Luis Diaz
Batting: RHB Ben Kidder 0-0: SINGLE (Groundball, 56S, EV 70.6 MPH) (infield hit)
Batting: RHB Matt Crane 0-0: Called Strike
Ben Kidder steals 2nd base
0-1: Ball
1-1: Ball
Ben Kidder steals 3rd, throwing error, E2
Ben Kidder scores
2-1: Ground out 6-3 (Groundball, 6, EV 85.0 MPH)
Batting: LHB Marty Hafner 0-0: Foul Ball, location: 2F
0-1: Foul Ball, location: 2F
0-2: SINGLE (Line Drive, 8LS, EV 107.5 MPH)
Batting: RHB Omar Novoa 0-0: SINGLE (Line Drive, 89S, EV 108.8 MPH)
Marty Hafner to second
Batting: SHB Mukhtar Wa'il 0-0: Ball
1-0: Called Strike
1-1: Swinging Strike
1-2: SINGLE (Groundball, 34D, EV 95.0 MPH)
Marty Hafner to third
Omar Novoa to second
Batting: LHB Aaron Joyner 0-0: Foul Ball, location: 2F
0-1: Ball
1-1: Foul Ball, location: 2F
1-2: Ball
2-2: Fly out, F9 (Flyball, 9LD, EV 88.8 MPH)
Runner from 3rd tags up, SCORES, throw by RF
Omar Novoa to third
Batting: RHB Johannes Gutermuth 0-0: Called Strike
0-1: SINGLE (Groundball, 6MS, EV 61.9 MPH) (infield hit)
Omar Novoa scores
Mukhtar Wa'il to second
Pinch Runner at 2nd Alfredo Razo:
Batting: RHB Nick Dunton 0-0: Fielders Choice at 2nd, 5-4 (Groundball, 5, EV 83.8 MPH)
Bottom of the 6th over - 3 runs, 5 hits, 1 error, 2 left on base; Burlington 4 - Charleston 5
TOP OF THE 7TH
Burlington Bees batting - Pitching for Charleston RiverDogs : RHP Cale Morris
Pitching: LHP Ron Cooper
Now at 2B: Jonathan Jelich
Now at SS: Omar Novoa
Batting: SHB Tim Connell 0-0: Ball
1-0: DOUBLE (Line Drive, 7LM, EV 113.8 MPH)
Batting: LHB Justin Alexander 0-0: Bunt missed!
0-1: Ball
1-1: Bunt missed!
1-2: Ground out 5-3 (Groundball, 6S, EV 84.4 MPH)
Tim Connell to third
Batting: RHB Jonathan Ellis 0-0: Foul Ball, location: 2F
0-1: Foul Ball, location: 2F
0-2: Ball
1-2: 2-RUN HOME RUN (Flyball, 7LD, EV 98.1 MPH), Distance : 371 ft
Batting: LHB Brett Bugge 0-0: Ball
1-0: SINGLE (Groundball, 6MD, EV 109.4 MPH)
Batting: LHB Griffin Ferris 0-0: Ball
1-0: Called Strike
1-1: Ball
2-1: Swinging Strike
2-2: Ball
3-2: SINGLE (Flyball, 4D, EV 90.6 MPH)
Brett Bugge to second
Pinch Runner at 2nd Adam Noyes:
Batting: RHB Ryan Munro 0-0: Called Strike
Griffin Ferris is caught stealing 2nd base 2-4
Adam Noyes steals 3rd base
0-1: Ball
1-1: Intentional Walk
Batting: RHB Ryuji Ito 0-0: Ball
1-0: Ball
2-0: Called Strike
2-1: Called Strike
2-2: Foul Ball, location: 2F
2-2: Strikes out swinging
Top of the 7th over - 2 runs, 4 hits, 0 errors, 2 left on base; Burlington 6 - Charleston 5
BOTTOM OF THE 7TH
Charleston RiverDogs batting - Pitching for Burlington Bees : RHP Luis Diaz
Pitching: RHP Simon Vogel
Pinch Hitting: SHB Victor Ruiz 0-0: Ball
1-0: Ball
2-0: Called Strike
2-1: Called Strike
2-2: Foul Ball, location: 2F
2-2: Ball
3-2: Fly out, F7 (Flyball, 7LS, EV 80.0 MPH)
Batting: RHB Jonathan Jelich 0-0: Ball
1-0: Swinging Strike
1-1: Foul Ball, location: 2F
1-2: Ball
2-2: Ball
3-2: Ground out 1-3 (Groundball, 13S, EV 66.9 MPH)
Batting: RHB Matt Crane 0-0: Ball
1-0: Called Strike
1-1: Ball
2-1: Ball
3-1: Base on Balls
Batting: LHB Marty Hafner 0-0: Foul Ball, location: 2F
0-1: Ball
1-1: Called Strike
1-2: Ball
2-2: Foul Ball, location: 2F
2-2: Strikes out looking
Bottom of the 7th over - 0 runs, 0 hits, 0 errors, 1 left on base; Burlington 6 - Charleston 5
TOP OF THE 8TH
Burlington Bees batting - Pitching for Charleston RiverDogs : LHP Ron Cooper
Pitching: RHP Travis Tate
Now in LF: Victor Ruiz
Batting: LHB Bill Kirtley 0-0: Ball
1-0: Foul Ball, location: 2F
1-1: Called Strike
1-2: Foul Ball, location: 2F
1-2: Ground out 1-3 (Groundball, 34S, EV 69.4 MPH)
Batting: LHB Edgar van der Meeren 0-0: Ball
1-0: Ground out 3-1 (Groundball, 34S, EV 83.8 MPH)
Batting: SHB Tim Connell 0-0: Ball
1-0: Ball
2-0: Ball
3-0: Base on Balls
Batting: LHB Justin Alexander 0-0: Ball
1-0: Ball
2-0: Foul Ball, location: 2F
2-1: Called Strike
2-2: Strikes out swinging
Top of the 8th over - 0 runs, 0 hits, 0 errors, 1 left on base; Burlington 6 - Charleston 5
BOTTOM OF THE 8TH
Charleston RiverDogs batting - Pitching for Burlington Bees : RHP Simon Vogel
Pitching: RHP Kennie Williams
Now at 1B: Jonathan Ellis
Now at 3B: Pat Crawley
Batting: RHB Omar Novoa 0-0: Called Strike
0-1: Ball
1-1: Fly out, F7 (Flyball, 7S, EV 82.5 MPH)
Batting: RHB Alfredo Razo 0-0: Ground out 4-3 (Groundball, 4, EV 101.2 MPH)
Batting: LHB Aaron Joyner 0-0: Foul Ball, location: 2F
0-1: Ball
1-1: Ball
2-1: Ball
3-1: Swinging Strike
3-2: Reached on error, E6 (Groundball, 6, EV 85.6 MPH)
Batting: RHB Johannes Gutermuth 0-0: Ball
1-0: Ball
2-0: Swinging Strike
2-1: Ground out 6-3 (Groundball, 56, EV 78.8 MPH)
Bottom of the 8th over - 0 runs, 0 hits, 1 error, 1 left on base; Burlington 6 - Charleston 5
TOP OF THE 9TH
Burlington Bees batting - Pitching for Charleston RiverDogs : RHP Travis Tate
Pitching: LHP Fernando Mendoza
Batting: RHB Jonathan Ellis 0-0: Foul Ball, location: 2F
0-1: Swinging Strike
0-2: Ball
1-2: Ball
2-2: Ball
3-2: Foul Ball, location: 2F
3-2: Base on Balls
Batting: RHB Adam Noyes 0-0: Ball
1-0: Called Strike
1-1: Ball
2-1: Ball
3-1: Foul Ball, location: 2F
3-2: SINGLE (Groundball, 25, EV 68.8 MPH) (infield hit)
Jonathan Ellis to second
Batting: LHB Griffin Ferris 0-0: Called Strike
0-1: Ball
1-1: Foul Ball, location: 2F
1-2: Foul Ball, location: 2F
1-2: Ball
2-2: SINGLE (Groundball, 34D, EV 96.2 MPH)
Jonathan Ellis to third
Adam Noyes to second
Runner from 3rd tries for Home, SAFE, throw by RF to home
Batting: RHB Ryan Munro 0-0: Swinging Strike
0-1: Called Strike
0-2: Ball
1-2: Foul Ball, location: 2F
1-2: Strikes out swinging
Batting: RHB Pat Crawley 0-0: Called Strike
0-1: Foul Ball, location: 2F
0-2: Ball
1-2: Ball
2-2: Grounds into double play, 5-4-3 (Groundball, 56, EV 96.2 MPH)
Top of the 9th over - 1 run, 2 hits, 0 errors, 1 left on base; Burlington 7 - Charleston 5
BOTTOM OF THE 9TH
Charleston RiverDogs batting - Pitching for Burlington Bees : RHP Kennie Williams
Pitching: RHP Danny Nava
Batting: RHB Nick Dunton 0-0: Ball
1-0: Ball
2-0: Reached on error, E4 (Groundball, 4, EV 94.4 MPH)
Batting: SHB Victor Ruiz 0-0: Called Strike
0-1: Ball
1-1: Called Strike
1-2: Ball
2-2: Strikes out swinging
Batting: RHB Jonathan Jelich 0-0: Called Strike
0-1: Fly out, F8 (Line Drive, 8LM, EV 96.2 MPH)
Batting: RHB Matt Crane 0-0: Ball
1-0: Ball
2-0: Fielders Choice at 2nd, 6-4 (Groundball, 56, EV 106.9 MPH)
Bottom of the 9th over - 0 runs, 0 hits, 1 error, 1 left on base; Burlington 7 - Charleston 5
Wednesday, June 22nd , 2022 - OOTP Baseball 23.4 Build 64